Stuart Stealer

Match 5182185
End
Kradschützen Motorcycle Team
Panzerpioneer Squad
250 Light Carrier
Selects Armored Suppot Battlegroup
Construct Light Support Kompanie
Assault Grenadier Squad
Assault Grenadier Squad
Construct Mechanized Kompanie
Marder III Tank Destroyer
Support Armor Elements
Selects Superior Fire Drills
Veteran Squad Leaders
StuG III D Assault Gun
Marder III Tank Destroyer
Selects Vehicle Awareness
Marder III Tank Destroyer
18-tonne Recovery Half-track
Selects Panzer Storm
Panzer Storm
Panzerjäger Mechanized Group
2.5-tonne Medical Truck
Panzer Storm
Emergency Repair Kits
Selects Stuka Anti-tank Loiter
Stuka Anti-tank Loiter
Vehicle Survival Package
Panzer Storm
Construct Panzerarmee Kommand
2.5-tonne Medical Truck
Selects Flammpanzer III Medium Tank Sd.Kfz. 141
Armored Reserves
Selects Command Panzer IV F Medium Tank
Tiger Heavy Tank
Stuka Anti-tank Loiter
Tungsten Core Ammunition
Command Panzer IV F Medium Tank
Panzer Storm
Stuka Anti-tank Loiter
Panzer Storm
Govin
ashilrye
Godsparza
mumiago
0
0

Comments sign in to comment!

No comments posted yet!